 Dungeon Crawl Stone Soup version 0.31-a0-506-g3d79149578 (webtiles) character file.

Game seed: 6388284255120721373

74 GordonOverkill the Sneak (level 4, 0/31 HPs)
             Began as an Octopode Delver on Aug 9, 2023.
             Was an Initiate of Vehumet.
             Succumbed to an adder's poison
             ... on level 3 of the Dungeon.
             The game lasted 00:02:45 (337 turns).

GordonOverkill the Sneak (Octopode Delver)           Turns: 337, Time: 00:02:46

Health: 0/31       AC:  1    Str: 11    XL:     4   Next: 30%
Magic:  4/4        EV: 13    Int: 14    God:    Vehumet [......]
Gold:   20         SH:  0    Dex: 13    Spells: 3/3 levels left

rFire   . . .        h - +0 sling
rCold   . . .        (no shield)
rNeg    . . .        (helmet restricted)
rPois   .            (no amulet)
rElec   .            (no ring)
rCorr   .            (no ring)
SInv    .            (no ring)
Will    .....        (no ring)
Stlth   ++++         (no ring)
HPRegen 0.25/turn    (no ring)
MPRegen 0.09/turn    (no ring)
                     (no ring)

%: no passive effects
@: lethally poisoned (0 -> -1)
A: almost no armour, amphibious, 8 rings, camouflage 1, gelatinous body 1,
(nimble swimmer 1), tentacles
a: Renounce Religion


You were on level 3 of the Dungeon.
You worshipped Vehumet.
Vehumet was noncommittal.
You visited 2 branches of the dungeon, and saw 5 of its levels.

You collected 20 gold pieces.

Inventory:

Hand Weapons
 a - a +0 short sword
 h - a +0 sling (weapon)
Wands
 e - a wand of acid (5)
 f - a wand of digging (3)
Scrolls
 b - a scroll of fog
 c - a scroll of revelation
 g - a scroll of poison {unknown}


   Skills:
 - Level 3.0 Fighting
 + Level 4.4 Short Blades
 - Level 2.0 Dodging
 - Level 6.6 Stealth


You had 3 spell levels left.
You didn't know any spells.
Your spell library was empty.

Dungeon Overview and Level Annotations

Branches:
Dungeon (6/15)             Temple (1/1) D:5

Altars:
Ashenzari
Cheibriados
Dithmenos
Elyvilon
Fedhas
Gozag
Hepliaklqana
Kikubaaqudgha
Makhleb
Nemelex Xobeh
Okawaru
Qazlal
Ru
Sif Muna
Uskayaw
Vehumet
Xom
Yredelemnul
Zin
The Shining One

Shops:
D:5 [

Annotations:
D:5 Blork the orc, Prince Ribbit


Innate Abilities, Weirdness & Mutations

You cannot wear most types of armour.
You are amphibious.
You can wear up to eight rings at the same time.
Your skin changes colour to match your surroundings (Stealth+).
Your rubbery body absorbs attacks. (AC +1, EV +1)
((You are camouflaged when in or above water. (Stealth+)))
You have tentacles for arms and can constrict up to eight enemies at once.


Message History

You aren't carrying any potions.
Unknown command.
Unknown command.
As you read the scroll of fear, it crumbles to dust.
You assume a fearsome visage.
The scorpion looks frightened!
The hobgoblin looks frightened!
You feel sick.
You feel sick.
You feel sick.
You feel sick.
There is a stone staircase leading up here.
You feel sick.
You climb upwards.
The adder hisses angrily.
Found 8 stones and a book of Chaos.
There is a stone staircase leading down here.
You feel sick. The adder completely misses you.
You shoot a sling bullet.
The sling bullet barely misses the adder.
You feel sick.
You are no longer poisoned.
The adder bites you.
* * * LOW HITPOINT WARNING * * *
You are poisoned.
The adder poisons you! The adder closely misses you.
You shoot a sling bullet.
The sling bullet barely misses the adder.
You feel very sick. The adder bites you.
* * * LOW HITPOINT WARNING * * *
You shoot a sling bullet.
The sling bullet hits the adder but does no damage.
* * * LOW HITPOINT WARNING * * *
You feel sick. The adder closely misses you. The adder completely misses you.
You aren't carrying any potions.
You shoot a sling bullet. The sling bullet misses the adder.
* * * LOW HITPOINT WARNING * * *
You feel sick. The adder misses you. The adder barely misses you.
You shoot a sling bullet.
The sling bullet barely misses the adder.
You die...

#. #.
######
#:###.....
#.......#
+.......#
#.......+
#.(.....#
###..>....#
+..S@.....#
###.#######
#. .. .##
#. #


You could see an adder.

Vanquished Creatures
  An orc priest (D:4)
  Ijyb (D:4)
  An ufetubus (D:4)
  3 orcs (D:4)
  2 ball pythons (D:4)
  An endoplasm (D:4)
  A giant cockroach (D:4)
  A hobgoblin (D:4)
  2 kobolds (D:4)
13 creatures vanquished.

Notes
Turn   | Place    | Note
-------+----------+-------------------------------------------
     0 | D:5      | GordonOverkill the Octopode Delver began the quest for the
                  | Orb.
     0 | D:5      | Reached XP level 1. HP: 16/16 MP: 1/1
     1 | D:5      | Found a staircase to the Ecumenical Temple.
    10 | Temple   | Entered the Ecumenical Temple
    24 | Temple   | Became a worshipper of Vehumet
    45 | D:5      | Noticed Prince Ribbit
    53 | D:6      | Noticed a shadow
    53 | D:6      | Noticed a hound
    53 | D:6      | Found a hazy altar of Hepliaklqana.
    53 | D:6      | Found a shadowy altar of Dithmenos.
    75 | D:5      | Found Emmuose's Armour Shop.
    75 | D:5      | Noticed an iguana
    94 | D:5      | Noticed Blork the orc
   116 | D:4      | Noticed Ijyb
   121 | D:4      | Killed Ijyb
   122 | D:4      | Reached XP level 2. HP: 21/21 MP: 2/2
   122 | D:4      | Reached XP level 3. HP: 26/26 MP: 3/3
   183 | D:5      | Noticed an ice beast
   199 | D:4      | Found a burning altar of Makhleb.
   241 | D:4      | Reached XP level 4. HP: 26/31 MP: 4/4
   320 | D:4      | Noticed a scorpion
   336 | D:3      | HP: 1/31 [poisoned by an adder]
   337 | D:3      | Succumbed to an adder's poison

Illustrated notes

Levels and vault maps discovered:
D:3:      layout_basic, nzn_wu_jian_contemplation, st_stairs_6, grunt_decor_cap,
          small_statue_alley_b
D:4:      layout_rooms, mainiacjoe_overflow_six_doors_small,
          lemuel_doored_altar, minmay_unequal, uniq_duvessa, uniq_ijyb
D:5:      minmay_razor_zed, layout_gridville, minmay_temple_entry_arrows,
          serial_shops, shop, uniq_prince_ribbit1, uniq_blork_the_orc
D:6:      layout_loops_ring, riverfiend_overflow_shadow_ancestor,
          nicolae_ossuary_entry_ruins, due_unseen_surprise, uniq_grinder,
          uniq_sigmund
Temple:   nicolae_temple_bog_church

Skill      XL: |  1  2  3 |
---------------+----------+-----
Short Blades   | 3 4 |  4.4
Fighting       | |  3.0
Dodging        | |  2.0
Stealth        | |  6.6

Action                     |  1- 3 |  4- 6 || total
---------------------------+-------+-------++-------
  Melee: Short sword       |    27 |     2 ||    29
         Tentacles         |     9 |       ||     9
         Constrict         |     7 |       ||     7
         Punch             |     1 |       ||     1
   Fire: Sling             |       |     7 ||     7
    Use: Potion            |     1 |       ||     1
         Scroll            |       |     1 ||     1
   Stab: Sleeping          |     1 |     1 ||     2
 Armour: Skin              |     1 |       ||     1
  Dodge: Dodged            |    10 |     9 ||    19

Table legend: (Time is in decaauts)
 A = Elapsed time spent in this place.
 B = Non-inter-level travel time spent in this place.
 C = Inter-level travel time spent in this place.
 D = Time resting spent in this place.
 E = Time spent auto-exploring this place.
 F = Levels seen in this place.
 G = Mean time per level.
                   A        B        C        D        E       F      G
               +--------+--------+--------+--------+--------+-----+--------+
         Total |    321 |    295 |     26 |     20 |      0 |   5 |   64.2 |
       Dungeon |    293 |    293 |      0 |     20 |      0 |   4 |   73.2 |
        Temple |     28 |      2 |     26 |      0 |      0 |   1 |   28.0 |
               +--------+--------+--------+--------+--------+-----+--------+

Top non-repeatable levels by time:
     D:4: 196 daAuts
     D:5: 87 daAuts
  Temple: 28 daAuts
     D:3: 7 daAuts
     D:6: 1 daAuts
